 Dungeon Crawl Stone Soup version 0.28-a0-863-g8cecda6153 (webtiles) character file.

Game seed: 1177603957686183215

15108 TheWeeknd the Protected (level 11, 0/113 HPs)
             Began as a Minotaur Berserker on Nov 18, 2021.
             Was a Follower of Trog.
             Slain by a blink frog (12 damage)
             ... on level 3 of the Lair of Beasts on Nov 19, 2021.
             The game lasted 01:04:33 (23758 turns).

TheWeeknd the Protected (Minotaur Berserker)       Turns: 23758, Time: 01:04:33

Health: 0/113      AC: 18    Str: 24    XL:     11   Next: 97%
Magic:  10/10      EV:  5    Int:  5    God:    Trog [*.....]
Gold:   338        SH: 15    Dex: 10    Spells: 10/10 levels left

rFire   + . .      SeeInvis .   m - +4 falchion (holy)
rCold   + . .      Faith    .   j - +0 tower shield
rNeg    . . .      Spirit   .   i - +1 plate armour
rPois   +          Reflect  .   (helmet restricted)
rElec   .          Harm     .   q - +0 cloak
rCorr   .          Rampage  .   (no gloves)
Will    +....                   (no boots)
Stlth   ..........              (no amulet)
HPRegen 0.28/turn               s - ring of poison resistance
MPRegen 0.12/turn               x - ring of Satyriasis {rF+ rC+ Will+}

@: frozen, on berserk cooldown, slowed, very slow
A: horns 2, retaliatory headbutt, robust 1
a: Renounce Religion, Berserk


You were on level 3 of the Lair of Beasts.
You worshipped Trog.
Trog was aware of your devotion.
You visited 3 branches of the dungeon, and saw 12 of its levels.
You also visited: Gauntlet.

You collected 618 gold pieces.
You spent 280 gold pieces at shops.

Inventory:

Hand Weapons
 a - a +0 hand axe
 m - a +4 falchion of holy wrath (weapon)
 C - a +2 falchion of holy wrath
 E - a +4 scimitar of flaming
Missiles
 o - 2 datura-tipped darts
 p - a throwing net
 B - 3 silver javelins
 D - 25 poisoned darts
Armour
 i - a +1 plate armour (worn)
 j - a +0 tower shield (worn)
 k - a +0 robe of positive energy
 q - a +0 cloak (worn)
 w - the +0 pair of gloves of the Ditch-Digger {Harm rCorr MP+9}
   (You found it in a Gauntlet)

   MP:        It affects your magic capacity (+9).
   rCorr:     It protects you from acid and corrosion.
   Harm:      It increases damage dealt and taken.
Jewellery
 s - a ring of poison resistance (left hand)
 x - the ring of Satyriasis (right hand) {rF+ rC+ Will+}
   (You found it in a Gauntlet)

   [ring of protection from fire]

   rF:        It protects you from fire.
   rC:        It protects you from cold.
   Will:      It increases your willpower.
 y - the ring of Eppor {rCorr Str+6 Int+4}
   (You found it in a Gauntlet)

   [ring of strength]

   Str:       It affects your strength (+6).
   Int:       It affects your intelligence (+4).
   rCorr:     It protects you from acid and corrosion.
 z - a ring of ice
 A - the ring "Sys Hiec" {EV+4 Dex+5}
   (You took it off a minotaur in a Gauntlet)

   [ring of evasion]

   EV:        It affects your evasion (+4).
   Dex:       It affects your dexterity (+5).
Wands
 n - a wand of flame (42)
 r - a wand of iceblast (21) (quivered)
 t - a wand of polymorph (11)
Scrolls
 b - 2 scrolls of blinking
 c - a scroll of identify
 f - 2 scrolls of amnesia
 v - a scroll of enchant armour
Potions
 e - 4 potions of brilliance
 g - a potion of degeneration
 h - a potion of cancellation
 l - a potion of attraction
 u - a potion of curing


   Skills:
 * Level 11.6 Fighting
 + Level 11.2 Long Blades
 - Level 6.2 Axes
 + Level 0.6 Throwing
 + Level 12.5 Armour
 - Level 2.6 Dodging
 - Level 0.4 Stealth
 + Level 10.9 Shields


You had 10 spell levels left.
You didn't know any spells.
Your spell library contained the following spells:

 Spells                   Type           Power      Damage    Failure   Level
 Dazzling Flash           Conj/Hex       0%         N/A       100%        3
 Iskenderun's Mystic Bla  Conj/Tloc      0%         2d3       100%        4
 Agony                    Necr           0%         N/A       100%        5
 Silence                  Hex/Air        0%         N/A       100%        5
 Summon Forest            Summ/Tloc      0%         N/A       100%        5
 Summon Mana Viper        Hex/Summ       0%         N/A       100%        5
 Starburst                Conj/Fire      0%         6d3       100%        6
 Summon Cactus Giant      Summ           0%         N/A       100%        6
 Malign Gateway           Summ/Tloc      0%         N/A       100%        7
 Summon Horrible Things   Summ           0%         N/A       100%        8


Dungeon Overview and Level Annotations

Branches:
Dungeon (8/15)             Temple (1/1) D:6            Lair (3/6) D:8
  Snake (0/4) Lair:2      Gauntlet (visited)
  Swamp: Lair:2-4    Shoals: Lair:2-4

Altars:
Ashenzari
Cheibriados
Dithmenos
Fedhas
Gozag
Hepliaklqana
Kikubaaqudgha
Makhleb
Okawaru
Ru
Trog
Uskayaw
Vehumet
Wu Jian
Xom
Yredelemnul
Zin
The Shining One

Shops:
D:5 =


Innate Abilities, Weirdness & Mutations

You have a pair of horns on your head.
You reflexively headbutt those who attack you in melee.
You are robust. (+10% HP)


Message History

You block the blink frog's attack.
You are no longer berserk.
You are exhausted.
You feel as though you will be slow longer.
The blink frog hits you but does no damage.
You block the blink frog's attack. The blink frog hits you!
* * * LOW HITPOINT WARNING * * *
The ice encasing you melts away.
The blink frog hits you but does no damage.
You block the blink frog's attack. You block the yak's attack.
The blink frog hits you but does no damage.
The blink frog blinks! x2; The blink frog completely misses you.
The blink frog barely misses you. You block the blink frog's attack.
The blink frog hits you.
* * * LOW HITPOINT WARNING * * *
You block the yak's attack. x2
The blink frog hits you but does no damage. x2
You block the blink frog's attack. x2
You closely miss the blink frog. You block the blink frog's attack. x3
The blink frog barely misses you.
The rime drake bites you but does no damage.
The blink frog hits you but does no damage.
Unknown command.
Your magical effects are unravelling.
You feel magically purged. You block the blink frog's attack.
The blink frog hits you.
* * * LOW HITPOINT WARNING * * *
The rime drake breathes ice at you. The flash freeze hits you!
You partially resist.
* * * LOW HITPOINT WARNING * * *
You are encased in ice.
You block the blink frog's attack. The blink frog hits you!
* * * LOW HITPOINT WARNING * * *
The blink frog blinks!
You block the rime drake's attack.
Unknown command.
Okay, then.
You feel better. The blink frog hits you.
* * * LOW HITPOINT WARNING * * *
The blink frog blinks!
The blink frog hits you!
You die...

######### ###
#...#.#.########@##
.....†.......YwFFk#
...............Y..#
.......#..#.##.P..#
.##....##+#....#.F#
.##....# ....##...#
.##....# .....#...##
.##............#...
..#..|........##..##


You could see a torpor snail, 2 yaks, 3 blink frogs and a rime drake (catching
breath).

Vanquished Creatures
  A minotaur (Gauntlet)
  Erica (Lair:2)
  A death drake (Gauntlet)
  A spectral centaur (Gauntlet)
  A black mamba (Lair:1)
  3 cane toads
  A spectral redback (Gauntlet)
  3 komodo dragons (Lair:1)
  3 rime drakes (Lair:2)
  A troll (D:8)
  A polar bear (Lair:1)
  2 slime creatures (Gauntlet)
  Grinder (D:3)
  15 blink frogs
  10 yaks
  Eustachio (D:4)
  A steam dragon (D:7)
  2 nagas (Lair:2)
  6 water moccasins
  An ice beast (D:6)
  2 ogres
  2 orc warriors
  A sky beast (D:7)
  A centaur (D:8)
  10 wolves
  A kobold brigand (D:8)
  6 bullfrogs
  A scorpion (D:5)
  A water moccasin zombie (D:5)
  3 electric eels (D:8)
  A howler monkey (D:3)
  A bullfrog zombie (D:5)
  4 centaur zombies
  7 hounds
  4 orc priests (D:7)
  2 jellies
  Jessica (D:3)
  4 bullfrog skeletons
  A scorpion zombie (D:5)
  3 iguanas
  5 orc wizards
  Terence (D:3)
  2 killer bee zombies
  2 howler monkey zombies (D:7)
  7 adders
  A howler monkey skeleton (D:7)
  3 shadow imps
  2 white imps (Gauntlet)
  An ufetubus (D:5)
  3 worms
  A dart slug (D:1)
  14 orcs
  4 endoplasms
  A giant cockroach (D:1)
  7 goblins
  4 hobgoblins
  5 kobolds
  A quokka (D:1)
  3 bats (D:1)
  A frilled lizard (D:2)
  A rat (D:1)
181 creatures vanquished.

Vanquished Creatures (others)
  2 wizards (Gauntlet)
  12 fungi
  32 plants
46 creatures vanquished.

Grand Total: 227 creatures vanquished

Notes
Turn   | Place    | Note
-------+----------+-------------------------------------------
     0 | D:1      | TheWeeknd the Minotaur Berserker began the quest for the
                  | Orb.
     0 | D:1      | Reached XP level 1. HP: 19/19 MP: 0/0
   291 | D:1      | Reached XP level 2. HP: 27/27 MP: 1/1
   729 | D:2      | Found a faded altar of an unknown god.
  1272 | D:2      | Reached XP level 3. HP: 26/33 MP: 2/2
  1566 | D:2      | Reached skill level 3 in Armour
  2385 | D:3      | Reached ** piety under Trog
  2386 | D:3      | Reached skill level 1 in Shields
  2973 | D:3      | Noticed Jessica
  2978 | D:3      | Killed Jessica
  2979 | D:3      | Reached XP level 4. HP: 41/41 MP: 3/3
  3156 | D:3      | Noticed Terence
  3172 | D:3      | Killed Terence
  3364 | D:3      | Reached skill level 5 in Axes
  3364 | D:3      | Reached XP level 5. HP: 47/47 MP: 4/4
  3425 | D:3      | Noticed Grinder
  3438 | D:3      | Paralysed by Grinder for 4 turns
  3453 | D:3      | Paralysed by Grinder for 6 turns
  3462 | D:3      | Killed Grinder
  3463 | D:3      | Reached skill level 4 in Armour
  3463 | D:3      | Reached XP level 6. HP: 25/55 MP: 5/5
  4245 | D:4      | Noticed Eustachio
  4269 | D:4      | Killed Eustachio
  4270 | D:4      | Reached skill level 5 in Fighting
  4270 | D:4      | Reached skill level 5 in Armour
  5223 | D:4      | Reached XP level 7. HP: 61/61 MP: 6/6
  5917 | D:5      | Entered Level 5 of the Dungeon
  6145 | D:5      | Reached skill level 1 in Long Blades
  6428 | D:5      | Noticed a +0 falchion
  6429 | D:5      | Noticed a +0 short sword
  6430 | D:5      | Noticed a +0 spear
  6431 | D:5      | Noticed a +0 falchion
  6431 | D:5      | Noticed a +0 dagger
  6431 | D:5      | Noticed a +0 spear
  6431 | D:5      | Noticed a +0 short sword
  6431 | D:5      | Noticed a +0 dagger
  6443 | D:5      | Reached skill level 6 in Armour
  6446 | D:5      | Found a hide-covered altar of Uskayaw.
  6754 | D:5      | Found Fyan's Jewellery Shoppe.
  7508 | D:6      | Reached XP level 8. HP: 69/70 MP: 7/7
  7533 | D:6      | Found a staircase to the Ecumenical Temple.
  7559 | Temple   | Entered the Ecumenical Temple
  7962 | D:6      | Reached skill level 5 in Long Blades
  7962 | D:6      | Reached skill level 7 in Armour
  7970 | D:6      | Reached skill level 5 in Shields
 11066 | D:7      | Reached skill level 8 in Armour
 11158 | D:7      | Reached XP level 9. HP: 55/78 MP: 8/8
 12968 | D:8      | Reached skill level 9 in Armour
 13085 | D:8      | Noticed a troll
 13105 | D:8      | Killed a troll
 13282 | D:8      | Found a staircase to the Lair.
 13682 | D:5      | Bought a ring of poison resistance for 280 gold pieces
 13801 | Lair:1   | Entered Level 1 of the Lair of Beasts
 14158 | Lair:1   | Noticed a komodo dragon
 14165 | Lair:1   | Killed a komodo dragon
 14166 | Lair:1   | Reached XP level 10. HP: 88/88 MP: 9/9
 14220 | Lair:1   | Noticed a cane toad
 14338 | Lair:1   | Killed a cane toad
 14339 | Lair:1   | Reached skill level 10 in Armour
 15033 | Lair:1   | Noticed a black mamba
 15048 | Lair:1   | Killed a black mamba
 17569 | Lair:1   | Reached skill level 11 in Armour
 17931 | Lair:1   | Reached XP level 11. HP: 51/99 MP: 10/10
 18745 | Lair:1   | Glimpsed the power of Zot.
 18751 | Lair:2   | Noticed Erica
 18766 | Lair:1   | Reached skill level 10 in Fighting
 19048 | Lair:2   | Reached skill level 10 in Long Blades
 19086 | Lair:2   | Found a gate leading to a gauntlet.
 19096 | Gauntlet | Entered a Gauntlet
 19096 | Gauntlet | Found a transporter.
 19096 | Gauntlet | Found a transporter.
 19097 | Gauntlet | Noticed a sixfirhy
 19176 | Gauntlet | Found a transporter.
 19176 | Gauntlet | Found a transporter.
 19204 | Gauntlet | Noticed a wizard
 19204 | Gauntlet | Noticed a wizard
 19206 | Gauntlet | Found a transporter.
 19206 | Gauntlet | Found a transporter.
 19208 | Gauntlet | Found a transporter.
 19208 | Gauntlet | Found a transporter.
 19211 | Gauntlet | Noticed a quicksilver ooze
 19216 | Gauntlet | Noticed a death drake
 19220 | Gauntlet | Found a transporter.
 19236 | Gauntlet | Found a transporter.
 19246 | Gauntlet | Found a transporter.
 19248 | Gauntlet | Noticed an orange crystal statue
 19260 | Gauntlet | Found a transporter.
 19280 | Gauntlet | Found a transporter.
 19293 | Gauntlet | Found a transporter.
 19578 | Gauntlet | Identified the +0 pair of gloves of the Ditch-Digger {Harm
                  | rCorr MP+9}
 19605 | Gauntlet | Killed a wizard
 19607 | Gauntlet | Killed a wizard
 19821 | Gauntlet | Identified the ring of Satyriasis {rF+ rC+ Will+}
 19867 | Gauntlet | Gained mutation: You are robust. (+10% HP) [potion of
                  | mutation]
 19884 | Gauntlet | Killed a death drake
 19885 | Gauntlet | Reached skill level 10 in Shields
 19892 | Gauntlet | Identified the ring of Eppor {rCorr Str+6 Int+4}
 19931 | Gauntlet | Identified the ring "Sys Hiec" {EV+4 Dex+5}
 19931 | Gauntlet | Noticed a minotaur
 19949 | Gauntlet | Killed a minotaur
 20385 | Lair:2   | Killed Erica
 20386 | Lair:2   | Reached skill level 12 in Armour
 22230 | Lair:2   | Found a staircase to the Snake Pit.
 23758 | Lair:3   | Slain by a blink frog

Illustrated notes

Levels and vault maps discovered:
D:1:      eino_arrival_water_cross, layout_loops_corners
D:2:      layout_loops_corners, hellmonk_ecumenical_altar_leap_of_faith,
          kennysheep_cluttered_room, item_on_display_a
D:3:      layout_basic, minmay_misc_feat_hallway,
          hangedman_decor_diamond_cutter, uniq_grinder, uniq_terence,
          uniq_jessica
D:4:      layout_loops_ring, eino_small_chamber_without_monster, uniq_eustachio
D:5:      layout_loops_corners, nicolae_uskayaw_en_pointe, enter_ossuary_3,
          serial_shops, nicolae_shop_crystal
D:6:      layout_basic, minmay_temple_entry_overgrown
D:7:      layout_cave_pools
D:8:      layout_loops_cross, erik_lair_island, hex_tiny
Temple:   mainiacjoe_temple_hex_bubbles
Lair:1:   layout_regular_city, chequers_serial_rivers_large_b,
          nicolae_lair_lil_pond, infiniplex_staircase_pool_2
Lair:2:   layout_misc_corridors, guppyfry_snake_entry_island,
          gauntlet_entry_generic, portal_ice_cave_rime, uniq_erica
Lair:3:   layout_regular_city, elwin_shoals_entry_rocks

Skill      XL: |  1  2  3  4  5  6  7  8  9 10 11 |
---------------+----------------------------------+-----
Axes           | 4 5 6 |  6.2
Fighting       | 4 5 6 8 9 11 | 11.6
Armour         | 3 4 5 6 8 9 11 12 | 12.5
Shields        | 1 2 3 5 7 9 10 | 10.9
Long Blades    | 3 6 8 9 11 | 11.2
Throwing       | |  0.6
Dodging        | |  2.6
Stealth        | |  0.4

Action                   |  1- 3 |  4- 6 |  7- 9 | 10-12 || total
-------------------------+-------+-------+-------+-------++-------
Melee: Hand axe          |    68 |    45 |       |       ||   113
       Headbutt          |    13 |    10 |    62 |    73 ||   158
       Falchion          |       |    18 |   298 |   432 ||   748
Throw: Dart              |       |     6 |       |       ||     6
Invok: Berserk           |       |     2 |     6 |     7 ||    15
       Trog's Hand       |       |       |     2 |     9 ||    11
Evoke: Wand              |       |       |     4 |     3 ||     7
  Use: Potion            |     4 |       |     9 |     4 ||    17
       Scroll            |     2 |       |    11 |     3 ||    16
Armor: Leather armour    |     9 |       |       |       ||     9
       Plate armour      |    32 |    29 |   248 |   280 ||   589
Dodge: Dodged            |    15 |     5 |    42 |    84 ||   146
Block: Tower shield      |    29 |    38 |   222 |   430 ||   719

Table legend: (Time is in decaauts)
 A = Elapsed time spent in this place.
 B = Non-inter-level travel time spent in this place.
 C = Inter-level travel time spent in this place.
 D = Time resting spent in this place.
 E = Time spent auto-exploring this place.
 F = Levels seen in this place.
 G = Mean time per level.
                   A        B        C        D        E       F      G
               +--------+--------+--------+--------+--------+-----+--------+
         Total |  24121 |  23872 |    249 |  13122 |   2397 |  13 | 1855.5 |
       Dungeon |  13701 |  13464 |    237 |   5880 |   1877 |   8 | 1712.6 |
        Temple |    308 |    308 |      0 |      0 |      0 |   1 |  308.0 |
          Lair |   8818 |   8806 |     12 |   6490 |    318 |   3 | 2939.3 |
      Gauntlet |   1293 |   1293 |      0 |    751 |    202 |   1 | 1293.0 |
               +--------+--------+--------+--------+--------+-----+--------+

Top non-repeatable levels by time:
  Lair:1: 5230 daAuts
  Lair:2: 3519 daAuts
     D:6: 3444 daAuts
     D:3: 2006 daAuts
     D:7: 1919 daAuts
     D:4: 1800 daAuts
     D:5: 1569 daAuts
     D:2: 1460 daAuts
Gauntlet: 1293 daAuts
     D:8: 769 daAuts
     D:1: 731 daAuts
  Temple: 308 daAuts
  Lair:3: 69 daAuts
